 Dungeon Crawl Stone Soup version 0.29.1-2-gbd0b4ee654 (webtiles) character file.

Game seed: 6952843438529661469

5 Ivernyr the Insei (level 1, -1/13 HPs)
             Began as an Octopode Transmuter on Oct 31, 2022.
             Slain by a quokka (5 damage)
             ... on level 1 of the Dungeon.
             The game lasted 00:01:01 (404 turns).

Ivernyr the Insei (Octopode Transmuter)              Turns: 404, Time: 00:01:01

Health: -1/13      AC:  1    Str:  9    XL:     1   Next: 80%
Magic:  12/12      EV: 13    Int: 15    God:
Gold:   22         SH:  0    Dex: 12    Spells: 3/4 levels left

rFire   . . .      SeeInvis .     - Unarmed
rCold   . . .      Faith    .   (no shield)
rNeg    . . .      Spirit   .   (helmet restricted)
rPois   .          Reflect  .   (no amulet)
rElec   .          Harm     .   d - ring of magical power
rCorr   .          Rampage  .   (no ring)
Will    .....                   (no ring)
Stlth   ++........              (no ring)
HPRegen 0.04/turn               (no ring)
MPRegen 0.13/turn               (no ring)
                                (no ring)
                                (no ring)

@: no status effects
A: almost no armour, amphibious, 8 rings, camouflage 1, gelatinous body 1,
(nimble swimmer 1), tentacles
a: no special abilities


You were on level 1 of the Dungeon.
You visited 1 branch of the dungeon, and saw 1 of its levels.

You collected 22 gold pieces.

Inventory:

Jewellery
 d - a ring of magical power (left tentacle)
Scrolls
 b - a scroll of noise {unknown}
 c - a scroll of teleportation {unknown}
 e - a scroll of torment {unknown}
Potions
 a - a potion of lignification


   Skills:
 + Level 1.1 Fighting
 - Level 2.0 Dodging
 + Level 3.0 Unarmed Combat
 + Level 2.0 Spellcasting
 * Level 2.2 Transmutations


You had 3 spell levels left.
You knew the following spells:

 Your Spells              Type           Power      Damage    Failure   Level
a - Beastly Appendage     Tmut           16%        N/A       9%          1

Your spell library contained the following spells:

 Spells                   Type           Power      Damage    Failure   Level
 Wereblood                Tmut           8%         N/A       14%         2
 Spider Form              Tmut/Pois      4%         N/A       38%         3
 Ice Form                 Ice/Tmut       4%         N/A       80%         4


Dungeon Overview and Level Annotations

Branches:
Dungeon (1/15)

Altars:


Innate Abilities, Weirdness & Mutations

You cannot wear most types of armour.
You are amphibious.
You can wear up to eight rings at the same time.
Your skin changes colour to match your surroundings (Stealth+).
Your rubbery body absorbs attacks. (AC +1, EV +1)
((You are camouflaged when in or above water. (Stealth+)))
You have tentacles for arms and can constrict up to eight enemies at once.


Message History

You tentacle-slap the hobgoblin but do no damage.
You grab the hobgoblin. You squeeze the hobgoblin.
The hobgoblin is heavily wounded.
You constrict the hobgoblin. The hobgoblin misses you.
You tentacle-slap the hobgoblin.
You kill the hobgoblin!
Your transformation is almost over.
e - a scroll labelled APTAURPH OMMO
Found a ring mail.
Your tentacle spike disappears.
You now have 22 gold pieces (gained 14).
You see here a +0 ring mail.
Found a ring mail.
You see here a +0 ring mail.
A rat comes into view.
The rat closely misses you.
You tentacle-slap the rat but do no damage.
Your grab misses the rat. You squeeze the rat.
The rat is moderately wounded.
The rat barely misses you.
You barely miss the rat. You grab the rat.
The rat is moderately wounded.
You constrict the rat. You barely miss the rat.
The rat is severely wounded.
You constrict the rat.
You kill the rat!
You see here a +0 sling.
A quokka comes into view.
A quokka is nearby!
The quokka closely misses you.
You closely miss the quokka. Your grab misses the quokka.
Your squeeze misses the quokka. The quokka closely misses you.
You barely miss the quokka. Your grab misses the quokka.
Your squeeze misses the quokka. The quokka bites you. x2
You closely miss the quokka. Your grab misses the quokka.
The quokka closely misses you.
You barely miss the quokka. You grab the quokka. You constrict the quokka.
The quokka bites you.
You die...

.
#................#.##.......
##
##.#.............).##.#.....
#.#######...#####.##......#
... #...# #.#####..## #.#.
#...# #........## #. ##...##
#####...... ####.....#
#.##.#. #....###.## #.##..#
#.##..@...# #.##.## #
#.r###$# #.###.# #... ...
#.####. #... .### #......
#.#. .# ####### .### ## ##


You could see a quokka.

Vanquished Creatures
  A ball python (D:1)
  A bat (D:1)
  A hobgoblin (D:1)
  2 rats (D:1)
5 creatures vanquished.

Vanquished Creatures (others)
  4 toadstools (D:1)
4 creatures vanquished.

Grand Total: 9 creatures vanquished

Notes
Turn   | Place    | Note
-------+----------+-------------------------------------------
     0 | D:1      | Ivernyr the Octopode Transmuter began the quest for the
                  | Orb.
     0 | D:1      | Reached XP level 1. HP: 13/13 MP: 3/3
    18 | D:1      | Found a faded altar of an unknown god.
   404 | D:1      | Slain by a quokka

Illustrated notes

Levels and vault maps discovered:
D:1:      ldierk_water_garden, layout_loops_cross, ebering_ecumenical_altar_box

Action                   || total
-------------------------++-------
Melee: Unarmed           ||    17
       Constrict         ||     5
       Tentacles         ||     2
       Kick              ||     1
 Cast: Beastly Appendage ||     2
 Stab: Sleeping          ||     2
Armor: Skin              ||     1
Dodge: Dodged            ||    18
